 Dungeon Crawl Stone Soup version 0.19.5 (webtiles) character file.

1607 ugelson the Fighter (level 8, -3/88 HPs)
             Began as an Ogre Hunter on Mar 15, 2017.
             Was a Believer of Trog.
             Slain by a goblin
             ... wielding a +0 club
              (4 damage)
             ... on level 5 of the Dungeon.
             The game lasted 00:37:27 (9413 turns).

ugelson the Fighter (Ogre Hunter)                   Turns: 9413, Time: 00:37:27

Health: -3/88      AC:  3    Str: 20    XL:     8   Next: 95%
Magic:  0/17       EV: 10    Int: 12    God:    Trog [**....]
Gold:   311        SH:  0    Dex: 10    Spells: 0 memorised, 7 levels left

rFire  . . .     SeeInvis .     w - +0 giant spiked club
rCold  . . .     Gourm    .     b - +0 robe
rNeg   . . .     Faith    .     (shield currently unavailable)
rPois  .         Spirit   +     (helmet restricted)
rElec  .         Reflect  .     (no cloak)
rCorr  .         Harm     .     (gloves unavailable)
MR     .....                    (boots unavailable)
Stlth  +.........               i - amulet of guardian spirit
                                m - +2 ring of intelligence
                                g - ring of magical power

@: exhausted, slowed, very slow
A: unfitting armour, tough skin 1
a: Berserk, Trog's Hand, Burn Spellbooks, Renounce Religion


You were on level 5 of the Dungeon.
You worshipped Trog.
Trog was pleased with you.
You were hungry.

You visited 1 branch of the dungeon, and saw 5 of its levels.

You collected 311 gold pieces.

Inventory:

Hand Weapons
 w - a +0 giant spiked club (weapon)
Missiles
 h - 259 stones
 y - a throwing net
 z - 2 large rocks (quivered)
Armour
 b - a +0 robe (worn)
 c - a +0 shield
Jewellery
 g - a ring of magical power (left hand)
 i - an amulet of guardian spirit (around neck)
 m - a +2 ring of intelligence (right hand)
Wands
 k - a wand of disintegration (11/24)
 q - a wand of acid (8/15)
Scrolls
 a - a scroll of remove curse
 d - a scroll of enchant weapon {unknown}
 e - 2 scrolls of magic mapping
 j - a scroll of fog
 n - a scroll of random uselessness
 o - 2 scrolls of noise
 r - a scroll of fear
 s - a scroll of blinking {unknown}
 u - a scroll of recharging
Potions
 l - a potion of curing
 t - a potion of might
 v - a potion of mutation {unknown}
Comestibles
 f - 4 bread rations
 p - 2 beef jerkies


   Skills:
 - Level 8.1 Fighting
 + Level 7.8 Maces & Flails
 + Level 7.4 Throwing
 - Level 3.0 Dodging
 - Level 1.0 Stealth


You had 7 spell levels left.
You didn't know any spells.

Dungeon Overview and Level Annotations

Branches:
Dungeon (5/15)
 Temple: D:4-7

Altars:
Fedhas
Hepliaklqana
Trog
Xom


Innate Abilities, Weirdness & Mutations

You are too large for most types of armour.
You have tough skin. (AC +1)


Message History

* * * LOW HITPOINT WARNING * * *
The gnoll closely misses you. x2; The goblin closely misses you.
A gnoll comes into view. It is wielding a spear.
The goblin hits you with a club.
* * * LOW HITPOINT WARNING * * *
The gnoll hits you from afar with a spear.
* * * LOW HITPOINT WARNING * * *
The goblin hits you with a club.
* * * LOW HITPOINT WARNING * * *
The gnoll hits you from afar with a spear!
* * * LOW HITPOINT WARNING * * *
The gnoll hits you from afar with a spear!
* * * LOW HITPOINT WARNING * * *
Some of the chunks of flesh in your inventory have rotted away.
The goblin hits you but does no damage. The gnoll closely misses you. x2
You drop 2 chunks of flesh.
The gnoll hits you from afar with a spear.
* * * LOW HITPOINT WARNING * * *
The gnoll hits you but does no damage. The goblin hits you with a club.
You die...

≈≈≈))...)≈≈≈≈≈≈≈≈≈≈
≈≈≈....).≈≈≈≈≈≈≈≈≈≈
≈≈)......≈≈≈≈≈≈≈≈≈≈
#####)'################ ######
#....#.......#.....## ##......
#....#.......'......###.......
##....#########)......#........
#......#.......)g....)#.....g..
..'......'......@ggg...()(.......
..#......#........g.....#........
####....#########.......#........
#....#.......'......###.......
#....#.......#.....## ##......
#################### ######


You could see 3 gnolls, a hobgoblin and a goblin.

Vanquished Creatures
  Duvessa (D:4)
  2 phantoms (D:5)
  An ice beast (D:5)
  2 ogres
  A centaur (D:5)
  Dowan (D:3)
  A scorpion (D:4)
  A howler monkey (D:5)
  A crimson imp (D:5)
  A jelly (D:5)
  2 orc priests (D:5)
  5 orc wizards
  An iguana (D:4)
  8 worker ants
  8 adders
  10 gnolls (D:5)
  5 oozes
  An adder skeleton (D:5)
  2 worms
  5 dart slugs
  4 leopard geckos
  19 orcs
  2 ball pythons
  7 bats
  5 giant cockroaches
  26 goblins
  22 hobgoblins
  3 jackals (D:4)
  7 kobolds
  A quokka (D:3)
  6 frilled lizards
  A jackal skeleton (D:4)
  A jackal zombie (D:5)
  A quokka zombie (D:5)
  8 rats
172 creatures vanquished.

Vanquished Creatures (others)
  5 dream sheep (D:3)
5 creatures vanquished.

Grand Total: 177 creatures vanquished

Notes
Turn   | Place    | Note
-------+----------+-------------------------------------------
     0 | D:1      | ugelson the Ogre Hunter began the quest for the Orb.
     0 | D:1      | Reached XP level 1. HP: 22/22 MP: 1/1
   200 | D:1      | Reached skill level 1 in Stealth
   200 | D:1      | Reached XP level 2. HP: 29/29 MP: 2/2
   240 | D:1      | Reached skill level 3 in Fighting
   542 | D:1      | Reached XP level 3. HP: 37/37 MP: 3/3
  1522 | D:2      | Reached skill level 4 in Fighting
  1522 | D:2      | Reached XP level 4. HP: 48/48 MP: 4/4
  1879 | D:3      | Reached skill level 1 in Maces & Flails
  1920 | D:3      | Reached XP level 5. HP: 26/55 MP: 5/5
  2045 | D:3      | Found a bloodstained altar of Trog.
  2056 | D:3      | Became a worshipper of Trog the Wrathful
  2244 | D:3      | Found a faded altar of an unknown god.
  2487 | D:3      | Found a shimmering altar of Xom.
  2487 | D:3      | Noticed a dream sheep
  2487 | D:3      | Noticed a dream sheep
  2487 | D:3      | Noticed a dream sheep
  2487 | D:3      | Noticed a dream sheep
  2487 | D:3      | Noticed a dream sheep
  2493 | D:3      | Killed a dream sheep
  2493 | D:3      | Killed a dream sheep
  2493 | D:3      | Killed a dream sheep
  2495 | D:3      | Killed a dream sheep
  2497 | D:3      | Killed a dream sheep
  2733 | D:4      | Reached skill level 5 in Throwing
  2733 | D:4      | Reached XP level 6. HP: 65/65 MP: 6/6
  2748 | D:3      | Reached skill level 5 in Fighting
  3193 | D:4      | Found a hazy altar of Hepliaklqana.
  3294 | D:4      | Noticed Dowan
  3295 | D:4      | Noticed Duvessa
  3987 | D:4      | Noticed an orc warrior
  5410 | D:4      | Reached * piety under Trog
  6019 | D:3      | Reached XP level 7. HP: 44/74 MP: 7/7
  6452 | D:4      | Reached skill level 6 in Fighting
  6751 | D:4      | Killed Duvessa
  6751 | D:4      | Reached skill level 5 in Maces & Flails
  6755 | D:3      | Killed Dowan
  7212 | D:5      | Entered Level 5 of the Dungeon
  7212 | D:5      | Found a blossoming altar of Fedhas.
  7310 | D:5      | Reached skill level 7 in Fighting
  7310 | D:5      | Reached XP level 8. HP: 50/87 MP: 8/8
  8432 | D:5      | Reached skill level 8 in Fighting
  8456 | D:5      | Reached ** piety under Trog
  9410 | D:5      | HP: 4/88 [gnoll/spear (6)]
  9413 | D:5      | HP: 1/88 [gnoll/spear (4)]
  9413 | D:5      | Slain by a goblin

Skill      XL: |  1  2  3  4  5  6  7  8 |
---------------+-------------------------+-----
Dodging        | 2 3 |  3.0
Stealth        | 1 |  1.0
Fighting       | 3 4 5 7 8 |  8.1
Maces & Flails | 1 2 4 5 7 |  7.8
Throwing       | 5 6 7 |  7.4

Action                   |  1- 3 |  4- 6 |  7- 9 || total
-------------------------+-------+-------+-------++-------
Melee: Unarmed           |     8 |       |       ||     8
       Club              |    53 |       |       ||    53
       Mace              |     2 |    41 |       ||    43
       Flail             |       |   206 |    41 ||   247
       Giant spiked club |       |       |   247 ||   247
Throw: Large rock        |    32 |    21 |     7 ||    60
       Throwing net      |       |     3 |       ||     3
       Stone             |       |    25 |     4 ||    29
Invok: Berserk           |       |     1 |     6 ||     7
  Use: Scroll            |     1 |     1 |     6 ||     8
 Stab: Sleeping          |     1 |       |       ||     1
  Eat: Chunk             |     2 |     5 |    16 ||    23
       Meat ration       |       |     1 |       ||     1
       Bread ration      |       |     1 |       ||     1
       Pizza             |       |       |     1 ||     1
Armor: Robe              |    31 |    72 |    75 ||   178
Dodge: Dodged            |    56 |   174 |   199 ||   429
